 Dungeon Crawl Stone Soup version 0.29-a0-338-g1ff7896281 (webtiles) character file.

Game seed: 4992691193154787189

107040 spaghetti the Convoker (level 15, -6/100 HPs)
             Began as a Demigod Earth Elementalist on Apr 18, 2022.
             Mangled by a sea snake (17 damage)
             ... on level 1 of the Shoals.
             The game lasted 01:10:58 (40819 turns).

spaghetti the Convoker (DgEE)                      Turns: 40819, Time: 01:10:58

Health: -6/100     AC: 14    Str:  9    XL:     15   Next: 51%
Magic:  16/42      EV: 11    Int: 37    God:
Gold:   39         SH:  3    Dex: 14    Spells: 3/34 levels left

rFire   + + .      SeeInvis .   x - staff of conjuration {!a@e2staff}
rCold   x . .      Faith    .   e - +0 buckler
rNeg    . . .      Spirit   .   X - +2 fire dragon scales
rPois   .          Reflect  .   (helmet restricted)
rElec   .          Harm     .   c - +2 cloak
rCorr   .          Rampage  .   b - +0 pair of gloves
Will    +....                   (no boots)
Stlth   +.........              D - amulet of regeneration {@e2}
HPRegen 1.06/turn               O - +4 ring of evasion
MPRegen 0.28/turn               Y - ring of magical power

@: no status effects
A: high MP 1, forlorn, divine attributes, horns 1, thin skeletal structure 1,
clumsy 1
a: no special abilities


You were on level 1 of the Shoals.
You visited 4 branches of the dungeon, and saw 24 of its levels.

You collected 1825 gold pieces.
You spent 1786 gold pieces at shops.


Innate Abilities, Weirdness & Mutations

You have an increased reservoir of magic. (+10% MP)
You shall have no god before yourself.
Your divine heritage dramatically boosts your attributes as you level up.
You have a pair of small horns on your head.
You have a somewhat thin skeletal structure. (Dex +2, Stealth+)
You are clumsy. (Dex -2)


   Skills:
 - Level 0.8 Fighting
 - Level 1.7 Dodging
 - Level 1.7 Stealth
 - Level 10.0 Spellcasting
 + Level 16.1 Conjurations
 + Level 16.1 Summonings
 - Level 0.8 Transmutations
 + Level 10.1 Earth Magic


You had 3 spell levels left.
You knew the following spells:

 Your Spells              Type           Power      Damage    Failure   Level
a - Sandblast             Erth           100%       2d20      1%          1
b - Stone Arrow           Conj/Erth      100%       3d13      1%          3
c - Iskenderun's Battles  Conj           100%       2d15      1%          5
d - Iron Shot             Conj/Erth      54%        9d10      28%         6
e - Blink                 Tloc           36%        N/A       52%         2
f - Petrify               Tmut/Erth      56%        N/A       38%         4
g - Swiftness             Air            18%        N/A       77%         3
h - Spellforged Servitor  Conj/Summ      59%        N/A       43%         7

Your spell library contained the following spells:

 Spells                   Type           Power      Damage    Failure   Level
 Call Canine Familiar     Summ           95%        N/A       1%          3
 Passwall                 Tmut/Erth      46%        N/A       6%          2
 Beastly Appendage        Tmut           48%        N/A       28%         1
 Sting                    Tmut/Pois      84%        1d7       34%         1
 Pain                     Necr           72%        1d7       38%         1
 Wereblood                Tmut           24%        N/A       41%         2
 Corpse Rot               Necr/Air       36%        N/A       52%         2
 Ensorcelled Hibernation  Hex/Ice        36%        N/A       52%         2
 Poisonous Vapours        Pois/Air       36%        N/A       52%         2
 Scorch                   Fire           36%        2d6       52%         2
 Sublimation of Blood     Necr           18%        N/A       52%         2
 Spider Form              Tmut/Pois      21%        N/A       71%         3
 Gell's Gravitas          Tloc           18%        N/A       77%         3
 Lesser Beckoning         Tloc           18%        N/A       77%         3
 Portal Projectile        Hex/Tloc       36%        N/A       77%         3
 Teleport Other           Tloc           18%        N/A       77%         3
 Tukima's Dance           Hex            18%        N/A       77%         3
 Summon Cactus Giant      Summ           47%        N/A       9%          6
 Flame Wave               Conj/Fire      87%        2d15      16%         4
 Irradiate                Conj/Tmut      44%        3d28      34%         5
 Summon Forest            Summ/Tloc      33%        N/A       38%         5
 Summon Mana Viper        Hex/Summ       67%        N/A       38%         5
 Leda's Liquefaction      Hex/Erth       27%        N/A       45%         4
 Anguish                  Hex/Necr       9%         N/A       99%         4
 Agony                    Necr           18%        N/A       100%        5
 Alistair's Intoxication  Tmut/Pois      14%        N/A       100%        5
 Blade Hands              Tmut           12%        N/A       100%        5
 Excruciating Wounds      Necr           9%         N/A       100%        5
 Manifold Assault         Tloc           18%        N/A       100%        5
 Statue Form              Tmut/Erth      37%        N/A       100%        6
 Enfeeble                 Hex            9%         N/A       100%        7
 Storm Form               Tmut/Air       10%        N/A       100%        7

Inventory:

Hand Weapons
 s - the +8 trident of Gehenna {protect, Int+4, polearm}
   (You found it on level 1 of the Shoals)

   It grants its wielder temporary protection when it strikes (+7 to AC).
   Int:       It affects your intelligence (+4).
Missiles
 a - 484 stones {throwing}
 n - a silver boomerang {throwing}
 r - 40 poisoned darts {throwing}
 w - 26 boomerangs {throwing}
 C - a boomerang of dispersal {=f!fthrowing}
 H - 3 throwing nets {=f!fthrowing}
 N - 6 datura-tipped darts {throwing}
Armour
 b - a +0 pair of gloves (worn)
   (You found it on level 5 of the Dungeon)
 c - a +2 cloak (worn)
   (You took it off Crazy Yiuf on level 4 of the Dungeon)
 e - a +0 buckler (worn)
   (You took it off a tengu warrior on level 14 of the Dungeon)
 X - +2 fire dragon scales (worn)
   (You bought it in a shop on level 2 of the Orcish Mines)
Magical Staves
 x - a staff of conjuration (weapon) {!a@e2staff}
   (You took it off an orc wizard on level 9 of the Dungeon)
 P - a staff of poison {!astaff}
   (You found it on level 2 of the Orcish Mines)
Jewellery
 f - an amulet of faith {!P}
   (You found it on level 15 of the Dungeon)
 D - an amulet of regeneration (around neck) {@e2}
   (You took it off an orc warrior on level 9 of the Dungeon)
 O - a +4 ring of evasion (left hand)
   (You found it on level 5 of the Dungeon)
 R - a ring of see invisible
   (You found it on level 3 of the Lair of Beasts)
 Y - a ring of magical power (right hand)
   (You found it on level 4 of the Lair of Beasts)
Wands
 j - a wand of flame (13)
   (You found it on level 15 of the Dungeon)
Scrolls
 d - a scroll of immolation {!r!r}
 g - 5 scrolls of vulnerability {!r!r}
 h - a scroll of enchant armour
 m - 2 scrolls of torment {!r}
 q - 7 scrolls of identify {@r1}
 z - 2 scrolls of magic mapping {!r}
 F - 4 scrolls of fog
 L - 2 scrolls of amnesia
 Q - 11 scrolls of teleportation {@r4}
Potions
 i - 3 potions of lignification {!q}
 k - 2 potions of invisibility
 l - 6 potions of flight
 A - a potion of attraction {unknown}
 B - 4 potions of berserk rage {!q}
 G - a potion of brilliance
 K - 2 potions of resistance
 S - 4 potions of might
 T - 3 potions of mutation {!q}
 U - 10 potions of curing {@q1}
 W - 3 potions of ambrosia
Miscellaneous
 o - a lightning rod (4/4)
   (You found it on level 11 of the Dungeon)
 p - a phantom mirror
   (You found it on level 9 of the Dungeon)
 y - a condenser vane
   (You found it on level 9 of the Dungeon)

Dungeon Overview and Level Annotations

Branches:
Dungeon (15/15)            Temple (0/1) D:4            Lair (6/6) D:11
 Shoals (1/4) Lair:4        Snake (0/4) Lair:3        Slime (0/5) Lair:5
    Orc (2/2) D:9             Elf (0/3) Orc:2        Vaults (0/5) D:13
 Depths (0/4) D:15

Shops:
D:2 *   D:9 *   Orc:2 *:[*( Shoals:1

* ≈≈≈≈≈≈≈≈..###
#####....≈≈≈≈ ≈≈≈≈≈≈≈.###
#..#...≈≈≈≈≈≈ ≈≈≈≈≈≈..#
#......≈≈≈≈#≈ ≈≈≈≈≈≈..###
##.m≈..≈≈.≈≈≈#
≈≈≈≈≈≈≈...####m.≈≈.≈≈≈≈≈≈≈≈
≈≈≈≈≈≈≈≈*..##m≈≈≈≈.≈≈≈≈≈≈≈≈
≈≈≈≈≈≈≈≈≈≈..mS≈≈≈≈≈≈≈≈≈≈≈≈≈
≈≈≈≈≈≈≈≈≈≈≈Smm.≈≈≈≈≈≈≈≈≈≈≈≈
≈≈≈≈≈≈≈≈≈≈@###.≈≈≈≈≈≈≈≈≈≈≈≈
≈≈≈≈≈≈≈≈≈≈.# #..≈≈≈≈≈≈≈≈≈≈
≈≈≈≈≈≈≈≈≈9.###..≈≈≈≈≈≈≈≈≈
≈≈≈≈≈≈≈≈≈≈≈.....≈≈≈≈≈≈≈≈
≈≈≈≈≈≈≈≈≈≈...≈≈≈≈≈≈≈≈
≈≈≈≈≈≈≈≈≈≈≈≈≈≈≈≈≈≈≈≈
≈≈≈≈≈≈≈≈≈≈≈≈≈≈≈≈≈≈≈≈
≈≈≈≈≈≈≈≈≈≈≈≈≈≈≈≈≈≈≈≈
≈≈≈≈≈≈≈≈≈≈≈≈≈≈≈≈≈


You could see 2 sea snakes, 6 merfolk, a friendly spellforged servitor
(summoned) and a friendly battlesphere.


Message History

Confirm with . or Enter, or press ? or * to list all spells.
Aiming: Stone Arrow (safe; 1% risk of failure)
Press: ? - help, Shift-Dir - straight line, f - merfolk
Aim: a merfolk, wielding a +0 trident (72% to hit)
You feel a surge of power!
The stone arrow misses the merfolk.
The stone arrow misses the sea snake.
Your battlesphere fires!
The barrage of energy hits the merfolk!
The merfolk hits you from afar with a +0 trident!
* * * LOW HITPOINT WARNING * * *
😨 HP[-7] MP[-2]
You take 7 damage, and now have 29/100 hp.
You lost 2 mp, and now have 25/42 mp.
Unknown command.
Casting: Stone Arrow (safe; 1% risk of failure)
Confirm with . or Enter, or press ? or * to list all spells.
Aiming: Stone Arrow (safe; 1% risk of failure)
Press: ? - help, Shift-Dir - straight line, f/p - merfolk
Aim: a merfolk, wielding a +0 trident (lightly wounded, ally target, 72% to hit)
You feel a surge of power!
The stone arrow hits the merfolk!!
Your battlesphere fires!
The barrage of energy hits the sea snake!!
The merfolk hits you from afar with a +0 trident!
* * * LOW HITPOINT WARNING * * *
A merfolk comes into view. It is wielding a +0 trident.
The sea snake barely misses you. 😱 HP[-6] MP[-3]
You take 6 damage, and now have 23/100 hp.
You lost 3 mp, and now have 22/42 mp.
You feel much better.
The merfolk hits you from afar with a +0 trident of venom!
* * * LOW HITPOINT WARNING * * *
You are poisoned.
The merfolk hits you but does no damage.
The sea snake bites you but does no damage.
The merfolk hits you from afar with a +0 trident of venom!
* * * LOW HITPOINT WARNING * * *
You are lethally poisoned! 😨 HP[+6]
You regained 6 hp, and now have 29/100 hp.
Unknown command.
Unknown command.
Unknown command.
Unknown command.
Okay, then.
Okay, then.
You feel better.
A merfolk comes into view. It is wielding a +0 trident.
The merfolk hits you but does no damage.
The sea snake bites you but does no damage.
The merfolk hits you from afar with a +0 trident of venom!
* * * LOW HITPOINT WARNING * * *
You are poisoned. 😨 HP[-3]
You take 3 damage, and now have 26/100 hp.
Unknown command.
Unknown command.
Unknown command.
Unknown command.
Casting: Stone Arrow (safe; 1% risk of failure)
Confirm with . or Enter, or press ? or * to list all spells.
The spell is quite dangerous to miscast (43% risk of failure)!
Continue anyway?
You feel a surge of power!
You summon a servant imbued with your destructive magic!
You feel very sick.
The merfolk hits you but does no damage.
You are more poisoned.
The sea snake bites you but does no damage.
The merfolk hits you from afar with a +0 trident!
* * * LOW HITPOINT WARNING * * *
The merfolk completely misses you. 😱 HP[-18] MP[-6]
You take 18 damage, and now have 8/100 hp.
You lost 6 mp, and now have 16/42 mp.
Unknown command.
Unknown command.
Unknown command.
Unknown command.
Unknown command.
Unknown command.
Unknown command.
You feel better.
The sea snake hisses angrily.
The sea snake closely misses you.
The merfolk hits you but does no damage.
The merfolk closely misses you.
A merfolk comes into view.
It is wielding a +0 trident and quivering boomerangs of dispersal.
The sea snake bites you.
* * * LOW HITPOINT WARNING * * *
You are lethally poisoned!
The sea snake poisons you! 😱 HP[+3]
You regained 3 hp, and now have 11/100 hp.
Unknown command.
Unknown command.
You feel better. The merfolk closely misses you.
The merfolk hits you from afar with a +0 trident!
* * * LOW HITPOINT WARNING * * *
The sea snake bites you!
You die...

Skill      XL: |  1  2  3  4  5  6  7  8  9 10 11 12 13 14 15 |
---------------+----------------------------------------------+-----
Earth Magic    | 3 5 6 7 8 9 10 | 10.1
Conjurations   | 2 4 5 7 8 9 10 12 14 15 16 | 16.1
Spellcasting   | 3 5 6 7 9 10 | 10.0
Summonings     | 1 4 10 12 14 15 16 | 16.1
Fighting       | |  0.8
Dodging        | |  1.7
Stealth        | |  1.7
Transmutations | |  0.8

Action                   |  1- 3 |  4- 6 |  7- 9 | 10-12 | 13-15 || total
-------------------------+-------+-------+-------+-------+-------++-------
Melee: Unarmed           |       |       |     3 |       |       ||     3
       Staff             |       |       |       |    39 |    14 ||    53
       Headbutt          |       |       |       |       |     2 ||     2
       Punch             |       |       |       |       |     1 ||     1
 Cast: Sandblast         |    50 |    37 |    23 |    36 |    15 ||   161
       Stone Arrow       |       |    65 |    82 |   281 |   492 ||   920
       Iskenderun's Batt |       |       |    24 |    76 |   117 ||   217
       Blink             |       |       |       |     1 |     1 ||     2
       Iron Shot         |       |       |       |     2 |    39 ||    41
       Spellforged Servi |       |       |       |       |    53 ||    53
       Swiftness         |       |       |       |       |     2 ||     2
Evoke: Wand              |       |       |       |     4 |     7 ||    11
       Phantom mirror    |       |       |       |     1 |     2 ||     3
       Condenser vane    |       |       |       |     1 |       ||     1
  Use: Potion            |     1 |       |     7 |     7 |    13 ||    28
       Scroll            |       |       |       |    18 |    12 ||    30
 Stab: Sleeping          |       |       |       |     1 |       ||     1
       Confused          |       |       |       |     2 |       ||     2
Armor: Robe              |     2 |     2 |     2 |       |       ||     6
       Steam dragon scal |       |       |    10 |    63 |    65 ||   138
       Skin              |       |       |     4 |       |       ||     4
       Fire dragon scale |       |       |       |       |    12 ||    12
Dodge: Dodged            |     6 |    15 |    36 |   184 |   262 ||   503
Block: Other             |       |     3 |    14 |    50 |       ||    67
       Reflection        |       |     1 |     1 |     3 |       ||     5
       Buckler           |       |       |       |       |     1 ||     1

Levels and vault maps discovered:
D:1:      dpeg_arrival_arbitrary_c, layout_basic,
          chequers_ecumenical_altar_lobes, roderic_lattice_a
D:2:      layout_loops_ring, serial_shops, nicolae_shop_advertising_works
          [nicolae_subvault_shop_adworks], uniq_sigmund, uniq_natasha
D:3:      layout_basic
D:4:      layout_rooms, pf_just_have_faith, minmay_temple_entry_glassed_door,
          uniq_crazy_yiuf_cottage, uniq_pikel
D:5:      nicolae_BIG_FREAKIN_CUBE, layout_basic, serial_bayou_pond_a
D:6:      layout_loops_ring, minmay_misc_feat_enclosed, uniq_grinder
D:7:      minmay_cornered_nines, layout_basic, kennysheep_generic_room_16
D:8:      layout_basic, minmay_crystal_water
D:9:      layout_basic, david_orc_4, serial_shops, nicolae_shop_trees,
          minmay_pinched_square
D:10:     layout_grid_maze
D:11:     layout_loops_corners, minmay_lair_entry_grove, gauntlet_entry_generic,
          grunt_decor_mini_mirrors
D:12:     layout_gridville, uniq_frances
D:13:     layout_rooms, erik_vaults_1, serial_rivers,
          chequers_serial_rivers_room_b, chequers_serial_rivers_room_a,
          chequers_serial_rivers_marsh, chequers_serial_rivers_room_a,
          chequers_serial_rivers_micro_b, eino_house_with_fridge
D:14:     layout_roguey, hangedman_decor_riveting
D:15:     hangedman_depths_entry_civil_slaughter, layout_loops_corners,
          nrook_mini_backslash, nicolae_wu_jian_wuxing_cycle, uniq_roxanne
Lair:1:   layout_small_grid, grunt_megastairs_4
Lair:2:   nzn_winding_woodlands_stair_cross
          [nzn_winding_woodlands_5x15_sidewinder,
          nzn_winding_woodlands_center_triple_pond,
          nzn_winding_woodlands_5x15_pathside_ponds,
          nzn_winding_woodlands_5x5_cross,
          nzn_winding_woodlands_5x5_closed_star,
          nzn_winding_woodlands_5x15_garden, nzn_winding_woodlands_center_lodge,
          nzn_winding_woodlands_5x15_river_crossing], layout_long_grid,
          serial_bayou_lagoon_a, kennysheep_abandoned_house
Lair:3:   layout_concentric_octagons, guppyfry_snake_entry_island,
          serial_bayou_shore_b
Lair:4:   wander_river, layout_cave_pods, minmay_shoals_entry_centaurs,
          grunt_megastairs_2
Lair:5:   layout_loops_ring, slime_altar_1, serial_bayou_shore_b, uniq_snorg
Lair:6:   minmay_lair_end_frog_pond, layout_hall_layers, uniq_nessos,
          uniq_josephine
Shoals:1: nicolae_shoals_lighthouse, layout_shoals, serial_shops,
          nicolae_shop_stone, nicolae_shop_overgrown_old_shop, shop
Orc:1:    layout_caves, serial_shops, shop
Orc:2:    grunt_orc_cross, layout_caves, basic_altar, serial_shops,
          nicolae_diamond_shop, nooodl_orcs_dogs

Notes
Turn   | Place    | Note
-------+----------+-------------------------------------------
     0 | D:1      | spaghetti the Demigod Earth Elementalist began the quest
                  | for the Orb.
     0 | D:1      | Reached XP level 1. HP: 14/14 MP: 5/5
     0 | D:1      | magus.rc [v1.9.6]
     5 | D:1      | You add the spells Blink, Manifold Assault and Storm Form
                  | to your library.
    73 | D:1      | Reached skill level 3 in Earth Magic
   252 | D:1      | Reached XP level 2. HP: 20/20 MP: 5/7
  1312 | D:2      | Noticed Sigmund
  1324 | D:2      | HP: 3/20 [Sigmund/+0 scythe (7)]
  1325 | D:2      | Killed Sigmund
  1326 | D:2      | Reached skill level 5 in Earth Magic
  1326 | D:2      | Reached XP level 3. HP: 4/26 MP: 5/8
  1326 | D:2      | Reached XP level 4. HP: 5/33 MP: 5/9
  1326 | D:2      | Reached XP level 5. HP: 6/38 MP: 5/10
  1390 | D:2      | Learned a level 3 spell: Stone Arrow
  2037 | D:2      | Reached skill level 1 in Conjurations
  2151 | D:2      | Noticed Natasha
  2157 | D:2      | Killed Natasha
  2412 | D:2      | Noticed Natasha
  2421 | D:2      | Killed Natasha
  2425 | D:2      | Noticed Natasha
  2431 | D:2      | Killed Natasha
  2432 | D:2      | Reached skill level 2 in Conjurations
  2650 | D:2      | Found Adghucie's Assorted Antiques.
  2658 | D:2      | Bought a dented pearl amulet for 85 gold pieces
  2919 | D:3      | Reached XP level 6. HP: 45/45 MP: 7/11
  3152 | D:3      | You pick up a book of Displacement and begin reading...
  3152 | D:3      | You add the spells Lesser Beckoning, Gell's Gravitas and
                  | Teleport Other to your library.
  3515 | D:3      | Reached skill level 6 in Earth Magic
  4119 | D:4      | Reached skill level 3 in Conjurations
  4738 | D:5      | Entered Level 5 of the Dungeon
  4890 | D:5      | Reached skill level 4 in Conjurations
  4890 | D:5      | Reached XP level 7. HP: 50/50 MP: 3/12
  5094 | D:5      | You pick up a book of Power and begin reading...
  5094 | D:5      | You add the spells Iskenderun's Battlesphere, Iron Shot and
                  | Spellforged Servitor to your library.
  5117 | D:5      | Learned a level 5 spell: Iskenderun's Battlesphere
  5239 | D:5      | Reached skill level 2 in Spellcasting
  6131 | D:4      | Found a runed translucent door.
  6132 | D:4      | Noticed Crazy Yiuf
  6293 | D:4      | Noticed Pikel
  6415 | D:3      | Killed Pikel
  6416 | D:3      | Reached skill level 3 in Spellcasting
  6416 | D:3      | Reached skill level 5 in Conjurations
  6416 | D:3      | Reached skill level 7 in Earth Magic
  6416 | D:3      | Reached XP level 8. HP: 44/57 MP: 1/16
  6611 | D:4      | You pick up a book of the Hunter and begin reading...
  6611 | D:4      | You add the spells Call Canine Familiar, Portal Projectile
                  | and Leda's Liquefaction to your library.
  6629 | D:4      | Found a staircase to the Ecumenical Temple.
  6753 | D:4      | Killed Crazy Yiuf
  7090 | D:6      | Reached skill level 4 in Spellcasting
  7090 | D:6      | Reached skill level 6 in Conjurations
  7538 | D:6      | Identified the +4 falchion "Imoingoy" {venom, rN+}
  7887 | D:6      | You pick up a book of Changes and begin reading...
  7887 | D:6      | You add the spells Beastly Appendage, Wereblood and Spider
                  | Form to your library.
  7945 | D:6      | Noticed Grinder
  7951 | D:6      | Killed Grinder
  7952 | D:6      | Reached skill level 5 in Spellcasting
  8234 | D:7      | Reached skill level 7 in Conjurations
  8234 | D:7      | Reached XP level 9. HP: 39/62 MP: 8/20
  8309 | D:7      | Learned a level 6 spell: Iron Shot
  8801 | D:7      | Identified the ring of Sulan {rElec Dex+6 Stlth+}
  9010 | D:7      | Learned a level 2 spell: Blink
  9159 | D:8      | HP: 15/62 [orc priest/divine providence (13)]
  9168 | D:8      | HP: 19/93 [orc warrior/+0 battleaxe (11)]
  9549 | D:8      | Noticed a cyclops
  9554 | D:8      | Killed a cyclops
  9555 | D:8      | Reached skill level 6 in Spellcasting
  9555 | D:8      | Reached skill level 8 in Conjurations
  9555 | D:8      | Reached skill level 8 in Earth Magic
  9919 | D:8      | Identified the +5 arbalest of Yciofesi {flame, rElec rC-
                  | Int-5 SInv}
 10399 | D:9      | Reached skill level 1 in Summonings
 10510 | D:9      | Noticed a cyclops
 10515 | D:9      | Killed a cyclops
 10516 | D:9      | Reached XP level 10. HP: 69/69 MP: 6/24
 10762 | D:9      | Noticed a tengu warrior
 10765 | D:9      | Killed a tengu warrior
 10766 | D:9      | Reached skill level 7 in Spellcasting
 10766 | D:9      | Reached skill level 2 in Summonings
 10831 | D:9      | Noticed a two-headed ogre
 10838 | D:9      | HP: 14/69 [two-headed ogre/+0 giant spiked club (11)]
 10850 | D:9      | Killed a two-headed ogre
 10851 | D:9      | Reached skill level 9 in Conjurations
 10851 | D:9      | Reached skill level 9 in Earth Magic
 11095 | D:9      | Learned a level 4 spell: Petrify
 11200 | D:9      | You pick up a book of Vapours and begin reading...
 11200 | D:9      | You add the spells Poisonous Vapours and Corpse Rot to your
                  | library.
 11979 | D:9      | Reached skill level 3 in Summonings
 12702 | D:9      | Found a staircase to the Orcish Mines.
 12880 | D:9      | Found Muguhoe's General Store.
 12939 | D:10     | Entered Level 10 of the Dungeon
 13026 | D:10     | HP: 17/69 [something (3)]
 13145 | D:10     | Noticed a white ugly thing
 13149 | D:10     | Killed a white ugly thing
 13659 | D:10     | You pick up a book of Burglary and begin reading...
 13659 | D:10     | You add the spells Ensorcelled Hibernation and Swiftness to
                  | your library.
 14087 | D:11     | Reached skill level 4 in Summonings
 14087 | D:11     | Reached XP level 11. HP: 74/74 MP: 15/26
 14143 | D:11     | Found a staircase to the Lair.
 14193 | D:11     | HP: 25/111 [troll (6)]
 14194 | D:11     | Noticed a two-headed ogre
 14197 | D:11     | HP: 10/74 [yak (7)]
 14565 | D:11     | Reached skill level 5 in Summonings
 14788 | D:11     | Killed a two-headed ogre
 14789 | D:11     | Reached skill level 10 in Conjurations
 14789 | D:11     | Reached skill level 10 in Earth Magic
 14861 | D:11     | Noticed a two-headed ogre
 14864 | D:11     | Killed a two-headed ogre
 14865 | D:11     | Reached skill level 6 in Summonings
 15208 | D:11     | Reached skill level 7 in Summonings
 16083 | Lair:1   | Entered Level 1 of the Lair of Beasts
 16179 | D:11     | Reached skill level 8 in Summonings
 16378 | Lair:1   | Learned a level 3 spell: Swiftness
 16977 | Lair:1   | Reached skill level 9 in Summonings
 18034 | Lair:2   | Noticed a death yak
 18034 | Lair:2   | Noticed a death yak
 18035 | Lair:2   | Noticed a death yak
 18035 | Lair:2   | Noticed a death yak
 18036 | Lair:2   | Noticed a death yak
 18038 | Lair:2   | Reached skill level 10 in Summonings
 18038 | Lair:2   | Reached XP level 12. HP: 81/81 MP: 7/28
 18863 | Lair:2   | Noticed a seven-headed hydra
 18997 | Lair:2   | Noticed a catoblepas
 19005 | Lair:2   | Killed a catoblepas
 19046 | Lair:2   | Killed a seven-headed hydra
 19184 | Lair:2   | Noticed a five-headed hydra
 19191 | Lair:2   | Killed a five-headed hydra
 19194 | Lair:2   | Reached skill level 11 in Conjurations
 19194 | Lair:2   | Reached skill level 11 in Summonings
 19393 | Lair:2   | Noticed a four-headed hydra
 19400 | Lair:2   | Killed a four-headed hydra
 19549 | Lair:2   | Identified the +1 ring mail of Distant Shores {Str+2
                  | Slay+5}
 19592 | Lair:2   | Noticed a boulder beetle
 19620 | Lair:2   | Killed a boulder beetle
 20707 | Lair:2   | HP: 12/81 [death yak (10)]
 21260 | Lair:3   | Noticed a boulder beetle
 21266 | Lair:3   | Killed a boulder beetle
 21595 | Lair:3   | Found a staircase to the Snake Pit.
 21669 | Lair:3   | Identified the amulet "Tib Vyfu" {rC+ Regen+ Str-2 Dex+8}
 21886 | Lair:3   | You pick up a book of Pain and begin reading...
 21886 | Lair:3   | You add the spells Pain, Agony and Excruciating Wounds to
                  | your library.
 22558 | Lair:4   | Reached skill level 12 in Conjurations
 22558 | Lair:4   | Reached skill level 12 in Summonings
 22744 | Lair:4   | Reached XP level 13. HP: 86/86 MP: 3/29
 22914 | Lair:3   | HP: 13/86 [yak (10)]
 23228 | Lair:4   | Found a staircase to the Shoals.
 24624 | Lair:5   | Found a staircase to the Slime Pits.
 24921 | Lair:5   | Identified the +1 robe "Gugeed" {Str+4}
 24978 | Lair:5   | Reached skill level 13 in Conjurations
 24978 | Lair:5   | Reached skill level 13 in Summonings
 25322 | Lair:5   | You pick up a book of Alchemy and begin reading...
 25322 | Lair:5   | You add the spells Sublimation of Blood and Irradiate to
                  | your library.
 25419 | Lair:5   | Noticed Snorg
 25426 | Lair:5   | Killed Snorg
 25868 | Lair:5   | Gained mutation: You are clumsy. (Dex -2) [potion of
                  | mutation]
 25868 | Lair:5   | Gained mutation: You have a pair of small horns on your
                  | head. [potion of mutation]
 25868 | Lair:5   | Gained mutation: You have a somewhat thin skeletal
                  | structure. (Dex +2, Stealth+) [potion of mutation]
 25880 | Lair:6   | Entered Level 6 of the Lair of Beasts
 26863 | Lair:6   | HP: 16/86 [goliath frog (23)]
 26863 | Lair:6   | HP: 7/86 [acid (9)]
 26864 | Lair:6   | HP: 2/86 [acid (9)]
 27218 | Lair:6   | Reached skill level 14 in Summonings
 27296 | Lair:6   | Reached skill level 14 in Conjurations
 27389 | Lair:6   | Noticed Josephine
 27398 | Lair:6   | Killed Josephine
 27399 | Lair:6   | Reached XP level 14. HP: 77/93 MP: 11/30
 27881 | Lair:6   | Reached skill level 8 in Spellcasting
 27946 | Lair:6   | Noticed Nessos
 27954 | Lair:6   | You pick up a book of Scorching and begin reading...
 27954 | Lair:6   | You add the spells Scorch, Flame Wave and Summon Cactus
                  | Giant to your library.
 27969 | Lair:6   | Killed Nessos
 28376 | Lair:6   | You pick up a book of Maledictions and begin reading...
 28376 | Lair:6   | You add the spells Tukima's Dance, Anguish and Enfeeble to
                  | your library.
 29908 | D:12     | Noticed Frances
 30448 | D:13     | Found a gate to the Vaults.
 31752 | D:14     | Reached skill level 9 in Spellcasting
 32353 | D:14     | Learned a level 7 spell: Spellforged Servitor
 32719 | D:15     | Entered Level 15 of the Dungeon
 32759 | D:15     | Identified Roxanne's Reference Book on Moulding
 32759 | D:15     | Noticed Roxanne
 32764 | D:15     | Reached skill level 15 in Conjurations
 32764 | D:15     | Reached skill level 15 in Summonings
 32769 | D:15     | Killed Roxanne
 32890 | D:15     | You add the spells Sting, Blade Hands, Alistair's
                  | Intoxication and Statue Form to your library.
 33681 | D:15     | You pick up a book of the Wilderness and begin reading...
 33681 | D:15     | You add the spells Summon Forest and Summon Mana Viper to
                  | your library.
 33790 | D:15     | Found a staircase to the Depths.
 33984 | D:15     | Reached XP level 15. HP: 91/99 MP: 26/33
 34565 | D:15     | Reached skill level 10 in Spellcasting
 35191 | Orc:1    | Entered Level 1 of the Orcish Mines
 35429 | Orc:2    | Entered Level 2 of the Orcish Mines
 36153 | Orc:2    | Found Noavil's Assorted Antiques.
 36340 | Orc:2    | HP: 21/95 [orc warrior/+0 trident (12)]
 37115 | Orc:2    | Paralysed by an orc sorcerer for 3 turns
 37119 | Orc:2    | HP: 19/99 [orc high priest/divine providence (13)]
 37124 | Orc:1    | HP: 18/99 [orc priest/nerve-wracking pain[an orc warlord]
                  | (2)]
 37124 | Orc:1    | HP: 6/99 [soul eater/drain life[an orc warlord] (12)]
 37732 | Orc:2    | Noticed Saint Roka
 37740 | Orc:2    | Killed Saint Roka
 38019 | Orc:2    | Reached skill level 16 in Summonings
 38021 | Orc:2    | Found Jynuk's General Store.
 38028 | Orc:2    | Reached skill level 16 in Conjurations
 38092 | Orc:2    | Found Ziwunir's Antique Weapon Emporium.
 38109 | Orc:2    | Found Dagut's Antique Armour Emporium.
 38124 | Orc:2    | Found Eqepnaf's Book Emporium.
 38201 | Orc:2    | Found a staircase to the Elven Halls.
 39243 | Shoals:1 | Entered Level 1 of the Shoals
 39506 | Orc:2    | Bought runed fire dragon scales for 1701 gold pieces
 39986 | D:12     | Killed Frances
 40743 | Shoals:1 | Found Fyinasto's Assorted Antiques.
 40754 | Shoals:1 | Identified the +8 trident of Gehenna {protect, Int+4}
 40787 | Shoals:1 | HP: 25/100 [poisoned by a sea snake]
 40792 | Shoals:1 | HP: 13/100 [poisoned by a sea snake]
 40797 | Shoals:1 | HP: 12/100 [poisoned by a sea snake]
 40814 | Shoals:1 | HP: 23/100 [merfolk/+0 trident (7)]
 40817 | Shoals:1 | HP: 8/100 [merfolk/+0 trident (15)]
 40819 | Shoals:1 | Mangled by a sea snake

Vanquished Creatures
  Saint Roka (Orc:2)
  Frances (D:12)
  3 slime creatures
  Nessos (Lair:6)
  Snorg (Lair:5)
  An ettin (D:15)
  Josephine (Lair:6)
  A rakshasa (D:13)
  15 hydras
  2 catoblepae
  4 boulder beetles
  4 centaur warriors
  2 dancing weapons (D:13)
  6 two-headed ogres
  2 tengu warriors
  5 death yaks
  3 goliath frogs (Lair:6)
  A deep troll (D:15)
  Pikel (D:3)
  2 orc knights (Orc:2)
  2 deep elf pyromancers
  A necromancer (D:13)
  14 ugly things
  3 cyclopes
  3 orc sorcerers (Orc:2)
  4 manticores
  5 elephants (Lair:3)
  2 merfolk sirens (Shoals:1)
  4 black mambas
  6 rime drakes
  23 cane toads
  2 komodo dragons
  6 unseen horrors
  3 tengu conjurers
  2 merfolk (Shoals:1)
  7 trolls
  2 wind drakes (Shoals:1)
  A hornet (D:9)
  2 tyrant leeches (Lair:6)
  Grinder (D:6)
  3 dream sheep (Shoals:1)
  30 blink frogs
  A shadow (D:9)
  7 wraiths
  Sigmund (D:2)
  6 wyverns
  4 basilisks
  72 yaks
  A vampire (D:9)
  2 steam dragons (D:7)
  10 vampire mosquitoes
  2 wargs (Orc:2)
  A naga (Lair:3)
  An acid dragon (D:9)
  17 water moccasins
  2 sky beasts
  17 orc warriors
  2 black bears
  An ice beast (D:6)
  12 wolves
  8 centaurs
  3 ogres
  2 lemures (D:4)
  A phantom (D:6)
  A kobold brigand (D:9)
  23 bullfrogs
  A scorpion (D:7)
  6 wights
  7 killer bees
  2 electric eels
  7 howler monkeys
  3 hounds
  2 jellies
  8 orc priests
  A gnoll shaman (D:4)
  Crazy Yiuf (D:4)
  2 iguanas
  Natasha (thrice) (D:2)
  20 orc wizards
  2 hell rats (Lair:2)
  2 polar bear simulacra (D:13)
  3 wolf simulacra (D:13)
  2 yak simulacra (D:13)
  9 gnolls
  12 adders
  2 river rats (Lair:2)
  2 white imps
  An ufetubus (D:5)
  3 worms
  3 dart slugs
  45 orcs
  4 ball pythons
  13 endoplasms
  4 giant cockroaches
  5 goblins
  5 hobgoblins
  3 jackals (D:2)
  3 quokkas
  5 bats
  3 frilled lizards
  14 kobolds
  12 rats
  4 river rat simulacra (D:13)
604 creatures vanquished.

Vanquished Creatures (collateral kills)
  Roxanne (D:15)
  2 orc high priests (Orc:2)
  A tengu warrior (D:14)
  2 sea snakes (Shoals:1)
  2 necromancers (D:15)
  2 orc knights (Orc:2)
  8 ugly things (D:15)
  2 orc sorcerers (Orc:2)
  A cyclops (D:15)
  A troll (Orc:2)
  4 slime creatures (D:15)
  A basilisk (D:15)
  2 yaks (D:11)
  4 wargs
  16 orc warriors
  2 ogres
  2 centaurs (D:15)
  3 orc priests (Orc:2)
  8 orc wizards
  11 orcs
75 creatures vanquished.

Vanquished Creatures (others)
  An orc priest (Orc:1)
  An orc wizard (Orc:1)
  An orc (Orc:2)
  A bush (Lair:1)
  30 fungi
  88 plants
122 creatures vanquished.

Grand Total: 801 creatures vanquished

Table legend:
 A = Non-vault XP
 B = Vault XP
 C = Vault XP percentage of total XP
 D = Non-vault monster count
 E = Vault monster count
 F = Vault count percentage of total count
                 A         B        C        D         E       F
            +---------+---------+-------+---------+---------+-------
      Total |  100744 |   52171 |  34.1 |     476 |     202 |  29.8
            +---------+---------+-------+---------+---------+-------
        D:1 |      45 |       0 |   0.0 |      25 |       0 |   0.0
        D:2 |     147 |     249 |  62.9 |      25 |       2 |   7.4
        D:3 |     128 |     663 |  83.8 |      18 |       1 |   5.3
        D:4 |     457 |      37 |   7.5 |      23 |       1 |   4.2
        D:5 |     351 |       0 |   0.0 |       7 |       0 |   0.0
        D:6 |     873 |     267 |  23.4 |      11 |       1 |   8.3
        D:7 |     580 |       0 |   0.0 |       9 |       0 |   0.0
        D:8 |    1438 |       0 |   0.0 |      16 |       0 |   0.0
        D:9 |    1967 |    4713 |  70.6 |      22 |      33 |  60.0
       D:10 |    1089 |       0 |   0.0 |       6 |       0 |   0.0
       D:11 |    5759 |    2393 |  29.4 |      20 |      13 |  39.4
       D:12 |    4923 |    1387 |  22.0 |      21 |       1 |   4.5
       D:13 |    6356 |    2462 |  27.9 |      20 |      14 |  41.2
       D:14 |    8932 |       0 |   0.0 |      13 |       0 |   0.0
       D:15 |   15876 |    5719 |  26.5 |      37 |       7 |  15.9
     Lair:1 |    5125 |       0 |   0.0 |      20 |       0 |   0.0
     Lair:2 |    4464 |    8013 |  64.2 |      14 |      26 |  65.0
     Lair:3 |    4503 |     504 |  10.1 |      14 |       3 |  17.6
     Lair:4 |    6682 |     970 |  12.7 |      24 |       6 |  20.0
     Lair:5 |   10259 |     931 |   8.3 |      31 |       1 |   3.1
     Lair:6 |    9128 |   14276 |  61.0 |      33 |      44 |  57.1
   Shoals:1 |    4848 |       0 |   0.0 |      12 |       0 |   0.0
      Orc:1 |    1428 |       0 |   0.0 |      18 |       0 |   0.0
      Orc:2 |    5386 |    9587 |  64.0 |      37 |      49 |  57.0
            +---------+---------+-------+---------+---------+-------

Illustrated notes

Table legend:
 A = Kills in this place as a percentage of kills in entire the game.
 B = Kills by you in this place as a percentage of kills by you in the entire game.
 C = Kills by friends in this place as a percentage of kills by friends in the entire game.
 D = Other kills in this place as a percentage of other kills in the entire game.
 E = Experience gained in this place as a percentage of experience gained in the entire game.
 F = Experience gained in this place divided by the number of levels of this place that you have seen.
                   A       B       C       D       E      F
               +-------+-------+-------+-------+-------+----------------------
         Total | 100.0 | 100.0 | 100.0 | 100.0 | 100.0 | 6371.5
       Dungeon |  51.0 |  53.9 |  29.3 |   0.0 |  43.7 | 4454.1
          Lair |  31.9 |  35.8 |   0.0 |  50.0 |  42.4 | 10809.2
        Shoals |   1.8 |   1.7 |   2.7 |   0.0 |   3.2 | 4848.0
  Orcish Mines |  15.3 |   8.7 |  68.0 |  50.0 |  10.7 | 8200.5
               +-------+-------+-------+-------+-------+----------------------

Table legend: (Time is in decaauts)
 A = Elapsed time spent in this place.
 B = Non-inter-level travel time spent in this place.
 C = Inter-level travel time spent in this place.
 D = Time resting spent in this place.
 E = Time spent auto-exploring this place.
 F = Levels seen in this place.
 G = Mean time per level.
                   A        B        C        D        E       F      G
               +--------+--------+--------+--------+--------+-----+--------+
         Total |  40957 |  38538 |   2419 |  10248 |  24383 |  24 | 1706.5 |
       Dungeon |  23531 |  22060 |   1471 |   5265 |  14660 |  15 | 1568.7 |
          Lair |  12818 |  12143 |    675 |   3375 |   7594 |   6 | 2136.3 |
        Shoals |    625 |    614 |     11 |    168 |    375 |   1 |  625.0 |
  Orcish Mines |   3981 |   3721 |    260 |   1440 |   1753 |   2 | 1990.5 |
               +--------+--------+--------+--------+--------+-----+--------+

Top non-repeatable levels by time:
   Orc:2: 2868 daAuts
     D:9: 2821 daAuts
  Lair:1: 2562 daAuts
  Lair:2: 2519 daAuts
  Lair:5: 2157 daAuts
  Lair:6: 2079 daAuts
    D:11: 2078 daAuts
    D:15: 2045 daAuts
  Lair:3: 1964 daAuts
     D:3: 1616 daAuts
     D:2: 1580 daAuts
  Lair:4: 1535 daAuts
    D:13: 1524 daAuts
    D:10: 1518 daAuts
    D:12: 1470 daAuts
